[Event "Late-Titled-Tuesday-Blitz-September-26-2023"]
[Site "Chess.com"]
[Date "2023.09.26"]
[Round "5"]
[White "as9killer2"]
[Black "komogro"]
[Result "0-1"]
[WhiteElo "2575"]
[BlackElo "2442"]
[TimeControl "180+1"]
[EndTime "14:55:34 PDT"]
[Termination "komogro won on time"]

1. c4 Nf6 2. Nc3 g6 3. e4 Bg7 4. g3 O-O 5. Bg2 d6 6. Nge2 c6 7. O-O e5 8. d3 Nbd7 9. h3 a5 10. Be3 Ne8 11. f4 Nc7 12. f5 g5 13. f6 Bxf6 14.
Qd2 Ne6 15. h4 gxh4 16. gxh4 Bxh4 17. Bh6 Bg5 18. Bxg5 Qxg5 19. Qxg5+ Nxg5 20. Ng3 Nc5 21. Rad1 f6 22. Nh5 Bg4 23. Nxf6+ Rxf6 24. Rxf6 Bxd1 25. Nxd1 Rd8 26. Nf2 Nge6 27. Bf1 Kg7 28. Rf5 Nd4 29. Rg5+ Kf6 30. Rg3 h5 31. Kh2 Rf8 32. Kh3 Ke6 33. Rg6+ Kd7 34. Rg7+ Ke8 35. Kg2 Rf7 36. Rg5 Rh7 37. Kg3 Ke7 38. Bh3 Kf6 39. Rg8 Rg7+ 40. Rxg7 Kxg7 41. Kh4 Kh6 42. Bc8 Nf3+ 43. Kg3 Ne1 44. b3 Kg5 45. Nh3+ Kh6 46. Nf2 b6 47. Bf5 Nexd3 48. Nd1 Nc1 49. Nc3 Kg5 50. Kf3 h4 51.
Bh3 N1d3 52. Bf5 Ne1+ 53. Ke2 Nc2 54. Kd2 Nd4 55. Bh3 Kf4 56. Bc8 Nxe4+ 57. Nxe4 Kxe4 0-1

[Event "Late-Titled-Tuesday-Blitz-September-26-2023"]
[Site "Chess.com"]
[Date "2023.09.26"]
[Round "5"]
[White "AEMEffi"]
[Black "Misticpikachu"]
[Result "0-1"]
[WhiteElo "2366"]
[BlackElo "2560"]
[TimeControl "180+1"]
[EndTime "14:55:36 PDT"]
[Termination "Misticpikachu won by resignation"]

1. d4 d6 2. c4 c6 3. Nc3 e6 4.
e4 Nf6 5. Nf3 d5 6. e5 Nfd7 7.
h4 Be7 8. h5 h6 9. Be3 b6 10.
Rh3 Bb7 11. Rg3 Bf8 12. cxd5 cxd5 13. Rc1 Nc6 14. a3 Rc8 15. Qa4 a6 16. b4 b5 17. Qb3 Qb6 18. Be2 Rg8 19. Kf1 Be7 20.
Rd1 f6 21. Bxh6 fxe5 22. Rxg7 Rxg7 23. Bxg7 exd4 24. Nxd4 Nxd4 25. Bxd4 Qd6 26. g3 e5 27.
Be3 Nf6 28. h6 d4 29. h7 Kd7 30. Nxb5 axb5 31. Bxb5+ Kc7 32. Rc1+ Kb6 33. Rxc8 Nxh7 34. Rh8 dxe3 35. Qxe3+ Kxb5 36. Rxh7 Qd1+ 37. Qe1 Bg2+ 38. Kxg2 Qxe1 39. Rxe7 Qe4+ 40. Kg1 Ka4 41. Ra7+ Kb3 42. Ra5 Qe1+ 43. Kg2 e4 44. Re5 Qe2 45. Rf5 Kxa3 46.
Rf4 Kxb4 47. g4 Kc5 48. g5 e3 49. Kg3 exf2 50. Rxf2 Qe3+ 51. Rf3 Qxg5+ 52. Kf2 Qh4+ 53. Rg3 Kd4 54. Kf3 Qe4+ 55. Kf2 Qb1 56. Rg4+ Ke5 57. Rg3 Ke4 58. Re3+ Kd4 59. Re2 Qb3 60. Rd2+ Ke4 61. Re2+ Kf4 62. Re7 Qb6+ 63. Ke2 Qb5+ 64. Kd2 Qb4+ 65.
Kd3 Qxe7 0-1

[Event "Late-Titled-Tuesday-Blitz-September-26-2023"]
[Site "Chess.com"]
[Date "2023.09.26"]
[Round "5"]
[White "ogpin"]
[Black "emeli_chess"]
[Result "0-1"]
[WhiteElo "2057"]
[BlackElo "2363"]
[TimeControl "180+1"]
[EndTime "14:55:36 PDT"]
[Termination "emeli_chess won by resignation"]

1. e4 c5 2. Nf3 d6 3. Bb5+ Nd7 4. a4 a6 5. Bc4 e6 6. Nc3 b6 7. O-O Bb7 8. d4 cxd4 9. Nxd4 Ngf6 10. Qe2 Be7 11.
Bxe6 fxe6 12. Nxe6 Qc8 13. Nxg7+ Kf7 14. Bh6 Rg8 15. Nf5 Nc5 16. Nxe7 Kxe7 17. Nd5+ Bxd5 18.
exd5+ Kf7 19. Rfe1 Qg4 20. Qe7+ Kg6 21. Re3 Kxh6 22.
Qxf6+ Rg6 23. Qf3 Qxf3 24. Rxf3 Re8 25. h4 Rg4 26. Rf6+ Rg6 27. Rxg6+ hxg6 28. Kf1 Kh5 29.
b4 Ne4 30. g3 Kg4 31. Kg2 Nd2 32. Ra3 Re1 33. f3+ Kf5 34. Kf2 Rc1 35. Rc3 Ke5 36. Ke3 Nf1+ 37. Kf2 Nd2 38. Ke2 Nf1 39. Rc8 Nxg3+ 40.
Kf2 Nf5 41. c4 Rc2+ 42. Ke1 Kd4 43. Rc6 Ke3 44. Kd1 Nd4 45. Rxd6 Rxc4 46. Rxg6 Rxb4 47. d6 Nf5 48. d7 Rd4+ 49. Kc2 Rxd7 50. Rxb6 a5 51. Rb5 Nd4+ 52. Kc3 Nxb5+ 53. axb5 Rd5 54. Kc4 Rh5 55. b6 a4 56. Kb4 a3 57. Kxa3 Rb5 58. Ka4 Rxb6 59. h5 Kxf3 60. h6 Rxh6 0-1

[Event "Late-Titled-Tuesday-Blitz-September-26-2023"]
[Site "Chess.com"]
[Date "2023.09.26"]
[Round "5"]
[White "Saif_Malek04"]
[Black "Balla_Tamas"]
[Result "0-1"]
[WhiteElo "2565"]
[BlackElo "2427"]
[TimeControl "180+1"]
[EndTime "14:55:38 PDT"]
[Termination "Balla_Tamas won by checkmate"]

1. e4 c5 2. Nf3 Nc6 3. d4 cxd4 4. Nxd4 e5 5. Nb5 d6 6. N1c3 a6 7. Na3 b5 8. Nd5 Nge7 9. Be2 Nxd5 10. exd5 Nd4 11. O-O Be7 12. c3 Nf5 13. f4 exf4 14.
Bxf4 O-O 15. Bd3 Bg5 16. Qd2 Bxf4 17. Rxf4 Qb6+ 18. Kh1 Ne7 19. Raf1 Ng6 20. R4f2 Bd7 21. Nc2 Rae8 22. Nd4 Re5 23. Bxg6 hxg6 24. Nf3 Rh5 25.
Ng5 Bf5 26. Qf4 f6 27. Nf3 Bd7 28. Qg3 Kh7 29. Nh4 Rg5 30. Qd3 Re8 31. h3 Ree5 32. Qb1 Rxd5 33. Rf3 Qc5 34. Re1 Bf5 35. Qc1 Re5 36.
Ref1 Be4 37. R3f2 Rh5 38. Nf3 Bxf3 39. Rxf3 Ref5 40. Qd1 Rxf3 41. Rxf3 Rd5 42. Qe1 Qc4 43. Re3 Qxa2 44. Qh4+ Rh5 45. Qg3 Qxb2 46. Qxd6 Qc1+ 47. Kh2 Qxe3 48. Qxa6 Qe5+ 49. Kg1 Rf5 50. Qa7 Qe1+ 51. Kh2 Rf1 52. g4 Rh1+ 53. Kg2 Qf1+ 54.
Kg3 Rg1+ 55. Kh4 Qe1+ 56. Qf2 Qxf2# 0-1

[Event "Late-Titled-Tuesday-Blitz-September-26-2023"]
[Site "Chess.com"]
[Date "2023.09.26"]
[Round "5"]
[White "Zampronha1971"]
[Black "koncheto"]
[Result "0-1"]
[WhiteElo "2281"]
[BlackElo "2526"]
[TimeControl "180+1"]
[EndTime "14:55:38 PDT"]
[Termination "koncheto won by resignation"]

1. e4 e5 2. Nf3 Nf6 3. d4 Nxe4 4.
Bd3 d5 5. Nxe5 Bd6 6. O-O O-O 7.
c4 c6 8. Nc3 Nxc3 9. bxc3 Nd7 10.
Nxd7 Bxd7 11. cxd5 cxd5 12. Qh5 f5 13. Qf3 Be6 14. Bf4 Rc8 15. Rac1 Qc7 16. Bxd6 Qxd6 17. Rfe1 g6 18. Qe3 Rfe8 19. Qe5 Qa3 20. Bb5 Re7 21. Bd7 Rce8 22. Bxe6+ Rxe6 23. Qxd5 Kf7 24.
Rb1 Kf6 25. Rxe6+ Rxe6 26. Qb3 Qe7 27. Qd1 b6 28. g3 Re2 29. d5 Rxa2 30. Qd4+ Qe5 31.
Qxe5+ Kxe5 32. c4 Kd6 33. Re1 Rc2 34. Re6+ Kd7 35. Rc6 a5 36. Rxb6 Rxc4 37. Ra6 a4 38.
Ra7+ Kd6 39. Rxh7 Kxd5 40. Ra7 Kc5 41. h4 Kb4 42. Rg7 Rc6 43. Ra7 Rc5 44. Ra6 Ra5 45. Rb6+ Kc5 46. Rb1 a3 47. Kg2 a2 48. Ra1 Kb4 49. Kf3 Kc3 50. Kf4 Kb2 51. Rd1 a1=Q 52. Rxa1 Kxa1 53. h5 gxh5 54. Kg5 Kb2 55. Kxh5 f4+ 56.
Kg4 fxg3 57. Kxg3 Kc3 58. f4 Kd4 59. Kg4 Ke4 0-1

[Event "Late-Titled-Tuesday-Blitz-September-26-2023"]
[Site "Chess.com"]
[Date "2023.09.26"]
[Round "5"]
[White "TheMagician"]
[Black "Rital44"]
[Result "0-1"]
[WhiteElo "2255"]
[BlackElo "2519"]
[TimeControl "180+1"]
[EndTime "14:55:39 PDT"]
[Termination "Rital44 won on time"]

1. c4 g6 2. g3 Bg7 3. Bg2 d6 4. Nf3 Nf6 5. O-O O-O 6. Nc3 Nbd7 7. d4 e5 8. dxe5 dxe5 9. Ng5 h6 10. Nge4 Qe7 11.
Nxf6+ Nxf6 12. Nd5 Nxd5 13. cxd5 Rd8 14. e4 f5 15.
exf5 Bxf5 16. Qb3 Qf7 17. h3 Rab8 18. g4 Bd7 19. Be4 Kh8 20. Qc2 Be8 21. Be3 b6 22.
Rac1 Rbc8 23. Rfd1 h5 24. gxh5 gxh5 25. Bf5 Bd7 26.
Bxd7 Rxd7 27. Qe4 Rcd8 28. Rc6 Rxd5 29. Rxd5 Rxd5 30. Kg2 Rd6 31. Rc2 Rg6+ 32. Kh2 Kg8 33. b4 Bf8 34. Rxc7 Qxc7 35. Qxg6+ Bg7 36. Qe8+ Bf8 37.
Qxh5 e4+ 38. Kg2 Qg7+ 39. Qg4 Bxb4 40. Qxg7+ Kxg7 41. Kg3 Bd6+ 42. Kg4 Kf6 43. Bg5+ Kg6 44. Bf4 Bc5 45. Be3 Bd6 46. h4 Bc7 47. h5+ Kh7 48. Kf5 a5 49. Kxe4 b5 50. Kd5 b4 51. Kc4 Bd6 52.
Kb5 Bc7 53. f4 Kh6 54. f5+ Kxh5 0-1

[Event "Late-Titled-Tuesday-Blitz-September-26-2023"]
[Site "Chess.com"]
[Date "2023.09.26"]
[Round "5"]
[White "Likvidator228"]
[Black "DuleMudule"]
[Result "0-1"]
[WhiteElo "2546"]
[BlackElo "2806"]
[TimeControl "180+1"]
[EndTime "14:55:41 PDT"]
[Termination "DuleMudule won by checkmate"]

1. d4 d5 2. c4 Nc6 3. Nf3 Bg4 4.
e3 e6 5. Nc3 Nf6 6. Be2 dxc4 7.
Bxc4 Bd6 8. h3 Bh5 9. O-O O-O 10. Be2 e5 11. d5 Ne7 12. e4 Bxf3 13. Bxf3 a6 14. Be3 Ng6 15. Rc1 Nf4 16. Kh2 Qd7 17. Bg4 Nxg4+ 18. Qxg4 Qe7 19. g3 Ng6 20. h4 Rfe8 21.
h5 Nf8 22. Kg2 Nd7 23. h6 g6 24. f3 Rf8 25. Qg5 f6 26. Qh4 Qf7 27. g4 g5 28. Qf2 Rfc8 29. Ne2 Nf8 30. Ng3 Ng6 31. Nf5 Qd7 32. Qe2 Qb5 33. Kf2 Bf8 34. b3 Qxe2+ 35. Kxe2 a5 36. a4 b5 37. axb5 Rab8 38. Rc6 Rxb5 39.
Rxf6 Rxb3 40. Bxg5 Rb2+ 41. Kd3 Rcb8 42. Rc1 a4 43. Ra6 a3 44. d6 cxd6 45. Rxa3 d5 46.
Ra7 d4 47. Ne7+ Bxe7 48. Bxe7 Nf4+ 49. Kc4 Rc8+ 50. Bc5 d3 51. Rg7+ Kh8 52. Ra1 Ne6 53. Re7 Nxc5 54. Raa7 Ne6+ 55. Kd5 Nf8 56. Kxe5 Ng6+ 57.
Kf6 Nxe7 58. Rxe7 Rd8 59. e5 d2 60. e6 d1=Q 61. f4 Qd4+ 62. Kf7 Rbb8 63. f5 Rf8# 0-1

[Event "Late-Titled-Tuesday-Blitz-September-26-2023"]
[Site "Chess.com"]
[Date "2023.09.26"]
[Round "5"]
[White "AleksanderHnydiuk"]
[Black "Rodalquilar"]
[Result "1-0"]
[WhiteElo "2557"]
[BlackElo "2737"]
[TimeControl "180+1"]
[EndTime "14:55:43 PDT"]
[Termination "AleksanderHnydiuk won on time"]

1. e4 d5 2. exd5 Qxd5 3. Nc3 Qa5 4. d4 Nf6 5. Nf3 Bf5 6. Bd2 e6 7. Bc4 Bb4 8. Qe2 O-O 9. O-O-O Nc6 10. Kb1 Rab8 11.
a3 Bxa3 12. Nd5 Bb4 13. Nxf6+ gxf6 14. Bh6 Rfe8 15. Nh4 Bg6 16. f4 Qh5 17. Qxh5 Bxh5 18.
Rd3 Bg6 19. f5 exf5 20. Bf4 Bd6 21. Bxd6 cxd6 22. Rf1 Rbc8 23. Bb3 f4 24. Rd2 Na5 25.
Bd5 Nc4 26. Bxc4 Rxc4 27. b3 Rc3 28. Kb2 Rec8 29. Nxg6 hxg6 30. Rxf4 f5 31. Re2 Kf8 32. Rf1 R3c7 33. Rfe1 Kg7 34. c4 a6 35. Re7 Kf6 36.
Rxc7 Rxc7 37. d5 Re7 38. Rxe7 Kxe7 39. h4 Kf6 40. Kc3 Ke5 41. b4 b6 42. Kd3 f4 43. Kc3 Ke4 44. c5 Kxd5 45. cxb6 Kc6 46. Kd4 Kxb6 47. Ke4 Kb5 48. Kxf4 Kxb4 49. g4 d5 50. h5 gxh5 51. gxh5 d4 52. h6 d3 53.
Ke3 Kc3 54. h7 d2 55. h8=Q+ Kc2 56. Qc8+ Kd1 57. Qd7 1-0

[Event "Late-Titled-Tuesday-Blitz-September-26-2023"]
[Site "Chess.com"]
[Date "2023.09.26"]
[Round "5"]
[White "Chessbard1972"]
[Black "gordonzyxu"]
[Result "1-0"]
[WhiteElo "2379"]
[BlackElo "2160"]
[TimeControl "180+1"]
[EndTime "14:55:43 PDT"]
[Termination "Chessbard1972 won by resignation"]

1. d4 Nf6 2. c4 g6 3. Nf3 Bg7 4. g3 c6 5. Bg2 O-O 6. Nc3 d5 7. O-O Re8 8. Bg5 Bf5 9. Qd2 Nbd7 10. Ne5 Nxe5 11. dxe5 Ne4 12. Nxe4 dxe4 13. Qc3 Qc7 14. Bf4 g5 15. Bxg5 Qxe5 16. Qe3 Qxb2 17. Rab1 Qxa2 18. Rxb7 Qxc4 19. Rxe7 Qd4 20. Qf4 Rxe7 21. Bxe7 Qe5 22. Qh4 a5 23. Rc1 a4 24. Ba3 Qe6 25. Qg5 Rb8 26.
Rd1 h6 27. Rd8+ Rxd8 28. Qxd8+ Kh7 29. Qa5 e3 30. Qxa4 exf2+ 31. Kxf2 Qf6 32. Qf4 Qd4+ 33. Qxd4 Bxd4+ 34. e3 Bb6 35. Bxc6 Kg6 36. Kf3 Kf6 37. Bb2+ Kg5 38. h4+ Kg6 39. g4 Bc2 40. Be4+ Bxe4+ 41. Kxe4 h5 42. g5 Bc7 43. Be5 Ba5 44. Bg3 f6 45.
gxf6 Kxf6 46. Kd5 Bd2 47. e4 Bc3 48. e5+ Ke7 49. Bf4 Be1 50. Bg5+ Kd7 51. e6+ Ke8 52. Ke5 Bc3+ 53. Kf5 Kf8 54. Kg6 Ke8 55. Kxh5 Bd4 56.
Kg6 Be5 57. Bf6 Bf4 58. h5 Bd2 59. h6 Bxh6 60. Kxh6 Kf8 61. Kg6 Ke8 62. e7 Kd7 63. Kf7 1-0

[Event "Late-Titled-Tuesday-Blitz-September-26-2023"]
[Site "Chess.com"]
[Date "2023.09.26"]
[Round "5"]
[White "Nekoo04"]
[Black "Eloist"]
[Result "1/2-1/2"]
[WhiteElo "2318"]
[BlackElo "2482"]
[TimeControl "180+1"]
[EndTime "14:55:44 PDT"]
[Termination "Game drawn - insufficient material"]

1. d4 e6 2. c4 Nf6 3. Nf3 b6 4. g3 Bb7 5. Bg2 Be7 6. O-O O-O 7. Nc3 Ne4 8. Bd2 f5 9. Re1 Bf6 10. Qc2 Nxc3 11. Bxc3 Be4 12. Qd1 d6 13. d5 Bxc3 14.
bxc3 e5 15. h4 h6 16. Nxe5 Bxg2 17. Ng6 Rf6 18. Nf4 Be4 19. f3 Na6 20. Qd4 Nc5 21. Rf1 Qe7 22. fxe4 Qxe4 23. Nh5 Rg6 24. Qxe4 Nxe4 25.
Rf3 Rf8 26. Kh2 Nd2 27. Rd3 Nxc4 28. Rf1 Ne5 29. Rd4 Ng4+ 30. Kh3 Re8 31. e4 Rxe4 32. Rxe4 fxe4 33. Nf4 Ne3 34. Re1 Rf6 35. Rxe3 g5 36. hxg5 hxg5 37. Ne6 Rf2 38. Nxg5 Rxa2 39. Rxe4 a5 40.
Rc4 a4 41. Rxc7 Rc2 42. Ne4 a3 43. Nxd6 a2 44. Ra7 Rxc3 45. Nb5 Rc5 46. Nc7 Rxc7 47. Rxa2 Rd7 48. Rd2 Kf7 49. Kg4 Ke7 50. Kf4 Kd6 51.
Ke4 Re7+ 52. Kd4 Rg7 53. Rd3 Rg4+ 54. Kc3 b5 55. Kb3 Rc4 56. Rd2 Rc5 57. Kb4 Rxd5 58.
Rxd5+ Kxd5 59. Kxb5 Ke5 60. Kc5 Kf5 61. Kd5 Kg4 62. Ke4 Kxg3 1/2-1/2

[Event "Late-Titled-Tuesday-Blitz-September-26-2023"]
[Site "Chess.com"]
[Date "2023.09.26"]
[Round "5"]
[White "nOcHeaTiNgKiD"]
[Black "vladislavkovalev"]
[Result "0-1"]
[WhiteElo "2613"]
[BlackElo "2879"]
[TimeControl "180+1"]
[EndTime "14:55:45 PDT"]
[Termination "vladislavkovalev won on time"]

1. d4 Nf6 2. Nf3 e6 3. Bf4 d5 4. e3 c5 5. Nbd2 Nc6 6. c3 cxd4 7. exd4 Nh5 8. Be3 Bd6 9. Bd3 Nf4 10. Bxf4 Bxf4 11.
O-O O-O 12. Re1 b6 13. g3 Bd6 14. Ne5 Nxe5 15. dxe5 Bc5 16. Qh5 g6 17. Qh6 Re8 18. Nf3 Bf8 19. Qf4 Bg7 20. h4 h6 21. Rad1 Qe7 22.
h5 g5 23. Qe3 Bd7 24. Nh2 Rad8 25. Ng4 Bc6 26. Bc2 d4 27. Qd3 Kf8 28. Qh7 Qc5 29. Nf6 d3 30. Rxd3 Rxd3 31. Bxd3 Rd8 32. Bf1 Rd2 33. Qg8+ Ke7 34. Re2 Rxe2 35. Bxe2 Qxe5 36.
Qxg7 Qxe2 37. Ng8+ Kd6 38. Qd4+ Bd5 39. Qb4+ Kc6 40.
Ne7+ Kd7 41. Nxd5 exd5 42. Qd4 Qe1+ 43. Kg2 Qe4+ 44. Kf1 Qxd4 45. cxd4 Ke6 46. g4 Kd6 47. Ke2 Kc6 48. Kd3 Kb5 49. Kc3 Ka4 50. f3 f6 51.
Kc2 Kb4 52. Kd3 a5 53. Kd2 Kc4 54. Ke3 b5 55. f4 a4 56. fxg5 fxg5 57. a3 Kb3 58. Kd3 Kxb2 59. Kd2 Kxa3 60. Kc3 b4+ 0-1

[Event "Late-Titled-Tuesday-Blitz-September-26-2023"]
[Site "Chess.com"]
[Date "2023.09.26"]
[Round "5"]
[White "vova-79"]
[Black "dretch"]
[Result "0-1"]
[WhiteElo "2613"]
[BlackElo "2850"]
[TimeControl "180+1"]
[EndTime "14:55:45 PDT"]
[Termination "dretch won on time"]

1. d4 d5 2. c4 c6 3. Nc3 dxc4 4. e3 b5 5. a4 b4 6. Nb1 Ba6 7. Nf3 e6 8. Nbd2 c3 9. bxc3 bxc3 10. Ne4 Qa5 11. Qc2 Nd7 12. Nxc3 Bb4 13. Bd2 Bxf1 14. Kxf1 Ngf6 15. g3 O-O 16. Kg2 c5 17. dxc5 Rac8 18. Nb5 Rxc5 19. Bxb4 Qxb4 20. Qb1 Qa5 21. Rc1 Rfc8 22.
Rxc5 Rxc5 23. Nbd4 Qc7 24. Qb3 e5 25. Nb5 Qc6 26.
Rd1 a6 27. Rd6 Qc8 28. Na3 h6 29. h3 Qa8 30. g4 e4 31. Nd4 h5 32. Nc4 hxg4 33.
hxg4 Rg5 34. Kf1 Rxg4 35. Nb6 Qb7 36. a5 Nf8 37. Rd8 Qe7 38. Rc8 g6 39. Qc4 Kg7 40.
Rc7 Qe8 41. Rc8 Qe7 42. Rc7 Qe8 43. Rc8 Qe5 44. Rc7 Nd5 45. Nxd5 Rh4 46. Nf4 Rh1+ 47. Kg2 Rh7 48. Qxf7+ Kh6 49. Qc4 Rxc7 50. Qg8 Qg5+ 51. Kh2 Nh7 52. Qe6 Qh4+ 53. Qh3 Qxh3+ 54. Kxh3 Nf6 55. Nfe6 Rc1 56. Kg3 Rg1+ 57. Kh2 Ra1 58. Kg3 Rxa5 59. Kf4 g5+ 60. Kg3 Kg6 61. Nc7 Nh5+ 62.
Kg2 Nf6 63. Kg3 Ra1 64. Nce6 a5 65. Nc5 a4 0-1

[Event "Late-Titled-Tuesday-Blitz-September-26-2023"]
[Site "Chess.com"]
[Date "2023.09.26"]
[Round "5"]
[White "brunoo2003"]
[Black "MeisterJabo"]
[Result "1-0"]
[WhiteElo "2474"]
[BlackElo "2316"]
[TimeControl "180+1"]
[EndTime "14:55:45 PDT"]
[Termination "brunoo2003 won by checkmate"]

1. d4 Nf6 2. c4 e6 3. Nc3 Bb4 4. Qc2 c5 5. dxc5 Na6 6. a3 Bxc3+ 7. Qxc3 Nxc5 8. Nf3 O-O 9. b4 Nce4 10. Qd4 d5 11. Bb2 a5 12. cxd5 exd5 13. e3 axb4 14. axb4 Rxa1+ 15. Bxa1 Qc7 16. Be2 Qc1+ 17. Bd1 Bd7 18. O-O Qc4 19.
Ne5 Qxd4 20. Bxd4 Bb5 21. Re1 Rc8 22. Bb3 Nd2 23. Ba2 Ra8 24. Ra1 Nc4 25. Nxc4 Bxc4 26.
Bb1 Rxa1 27. Bxa1 Ne4 28. Bc2 b5 29. f3 Nd6 30. Kf2 f5 31. Be5 Nf7 32. Bd4 g6 33. h4 Nd8 34. Kg3 Kf7 35. Kf4 Nc6 36. Bc3 Ne7 37. Ke5 Nc8 38. g4 fxg4 39. fxg4 Ke7 40. h5 gxh5 41. gxh5 h6 42. Kf5 Kf7 43. Ke5 Nb6 44. Kd6 Na4 45. Bd4 Be2 46. Kxd5 Bxh5 47.
Kc6 Be2 48. Bf5 Bc4 49. e4 h5 50. Kd6 h4 51. e5 Be2 52. e6+ Ke8 53. e7 Kf7 54. Bg6+ Kxg6 55. e8=Q+ Kg5 56. Qxe2 h3 57. Qh2 Kh4 58. Be5 Nb2 59. Qg3+ Kh5 60. Qxh3+ Kg5 61.
Bxb2 Kg6 62. Qg4+ Kf7 63. Qg7+ Ke8 64. Qe7# 1-0

[Event "Late-Titled-Tuesday-Blitz-September-26-2023"]
[Site "Chess.com"]
[Date "2023.09.26"]
[Round "5"]
[White "sofaceindisguise"]
[Black "0gZPanda"]
[Result "0-1"]
[WhiteElo "2703"]
[BlackElo "3043"]
[TimeControl "180+1"]
[EndTime "14:55:47 PDT"]
[Termination "0gZPanda won by checkmate"]

1. c4 Nf6 2. Nf3 c6 3. d4 d5 4. Nc3 e6 5. cxd5 exd5 6. Bg5 Bf5 7. Qb3 Qb6 8. Qxb6 axb6 9. Bxf6 gxf6 10. e3 b5 11. Kd2 b4 12. Ne2 Nd7 13. Ng3 Be6 14.
Bd3 Bd6 15. Nf5 Bc7 16. a3 b3 17. Ke2 Rg8 18. g3 Nb6 19. Nd2 Nc4 20. Rhb1 Rg5 21. Nh4 Nxd2 22. Kxd2 Ba5+ 23. Ke2 h5 24. f4 Rg8 25.
Kf2 b6 26. Rc1 Rc8 27. Be2 c5 28. Bxh5 c4 29. Bf3 f5 30. Rab1 b5 31. Bd1 Ke7 32.
Nf3 f6 33. Ng1 Rh8 34. h4 Rcg8 35. Bf3 Kd6 36. Ne2 Rg7 37. Rh1 Ra7 38. Ra1 Rha8 39. h5 b4 40. h6 Bg8 41. axb4 Bxb4 42. Rxa7 Rxa7 43. Rb1 Ra2 44. Bh5 Bh7 45. Bf7 Ra7 46.
Bh5 Ke6 47. Bf3 Ra2 48. Bh5 Bd2 49. Kf3 Ra8 50. Rd1 Bb4 51. Rb1 Bf8 52. Nc3 Bxh6 53. Ke2 Bf8 54. Bf3 Ra5 55. Rh1 Bg8 56. Rh8 Bb4 57. Nxd5 c3 58. bxc3 b2 59. Rh1 Ra1 60.
Nxb4 Rxh1 61. Bxh1 Kd6 62. Bf3 b1=Q 63. Kf2 Bc4 64.
g4 Qf1+ 65. Kg3 Qg1+ 66. Bg2 Qxe3+ 67. Kh4 Qxf4 68. Nd3 Qxg4# 0-1

[Event "Late-Titled-Tuesday-Blitz-September-26-2023"]
[Site "Chess.com"]
[Date "2023.09.26"]
[Round "5"]
[White "PapaieDudu"]
[Black "Verony64"]
[Result "1-0"]
[WhiteElo "2419"]
[BlackElo "2279"]
[TimeControl "180+1"]
[EndTime "14:55:48 PDT"]
[Termination "PapaieDudu won by checkmate"]

1. e4 e5 2. Nf3 d6 3. d4 Nd7 4.
Bc4 c6 5. O-O Be7 6. Nc3 Ngf6 7.
h3 O-O 8. Bb3 Qc7 9. Be3 b5 10.
Qd3 Bb7 11. a4 b4 12. Ne2 c5 13. d5 a5 14. c4 g6 15. g4 Rfe8 16. Bh6 Bf8 17.
Be3 Bg7 18. Ng3 h6 19. Bd1 Nh7 20. b3 Ndf8 21. Qd2 g5 22. Nh5 Ng6 23. h4 Nf4 24.
hxg5 hxg5 25. Ng3 Bc8 26. Ne1 Qe7 27. Rc1 Qf6 28. f3 Bd7 29. Kf2 Nf8 30. Rh1 N8g6 31. Kg1 Nh4 32. Rh2 Kf8 33. Rc2 Ke7 34. Nh5 Qh6 35. Ng2 Bf6 36. Nxh4 gxh4 37. Nxf4 exf4 38. Bxf4 Qg7 39. g5 Bd4+ 40. Kh1 h3 41. Qe2 Rh8 42. Qf1 Qg6 43. Bc1 Rh7 44. Rce2 Rah8 45. f4 Bg4 46. Re1 Bxd1 47. f5 Qh5 48. Rxd1 Qg4 49. Re1 Rh4 50. e5 Bxe5 51. f6+ Kd7 52. Ree2 Qd4 53. Qe1 R8h5 54.
Be3 Qe4+ 55. Kg1 Rg4+ 56. Kf1 Bg3 57. Bf2 Qf3 58. Re7+ Kd8 59. Re8+ Kc7 60. Qe7+ Kb6 61. Rb8+ Ka6 62. Qb7# 1-0

[Event "Late-Titled-Tuesday-Blitz-September-26-2023"]
[Site "Chess.com"]
[Date "2023.09.26"]
[Round "5"]
[White "MajorCoast"]
[Black "protectiago"]
[Result "1-0"]
[WhiteElo "2271"]
[BlackElo "2049"]
[TimeControl "180+1"]
[EndTime "14:55:48 PDT"]
[Termination "MajorCoast won by resignation"]

1. h3 g6 2. d4 Bg7 3. c3 c5 4.
Bf4 cxd4 5. cxd4 Nc6 6. e3 Nf6 7. Nc3 O-O 8. Nf3 d5 9. Rc1 Bf5 10. Qb3 b6 11. Bb5 Na5 12. Qd1 a6 13. Bd3 Bxd3 14.
Qxd3 Nc4 15. b3 Nd6 16. O-O b5 17. Ne5 Rc8 18. Rc2 Nde4 19. Nxe4 Nxe4 20. Rfc1 Rxc2 21. Qxc2 Qa5 22. Nc6 Qa3 23. f3 g5 24. Be5 Nf6 25. Qc5 Qxc5 26. Rxc5 e6 27. Bd6 Ra8 28. Ne7+ Kh8 29.
Rc8+ Rxc8 30. Nxc8 Ne8 31. Kf1 Nxd6 32. Nxd6 Kg8 33.
Ne8 Bf8 34. Nc7 a5 35. Nxb5 Kg7 36. Ke2 f6 37. Kd3 e5 38. dxe5 fxe5 39. Nc3 d4 40.
exd4 exd4 41. Kxd4 Kf6 42. Ke4 Bb4 43. Nd5+ Kg6 44.
Nxb4 axb4 45. Kd4 Kf5 46. g3 h5 47. Kc4 h4 48. gxh4 gxh4 49. Kxb4 Kf4 50. a4 Kxf3 51. a5 Kg3 52. a6 Kxh3 53. a7 Kg2 54. a8=Q+ Kg1 55. Kc5 h3 56. Qh8 h2 57. Qxh2+ Kxh2 58. b4 1-0

[Event "Late-Titled-Tuesday-Blitz-September-26-2023"]
[Site "Chess.com"]
[Date "2023.09.26"]
[Round "5"]
[White "garfield_pg"]
[Black "2k28Lakers"]
[Result "0-1"]
[WhiteElo "2402"]
[BlackElo "2564"]
[TimeControl "180+1"]
[EndTime "14:55:55 PDT"]
[Termination "2k28Lakers won by resignation"]

1. d4 Nf6 2. Bf4 c5 3. dxc5 Nc6 4. Nf3 Nh5 5. Bd2 a5 6. Nc3 e5 7. Na4 Nf6 8. e3 d6 9. Bc3 e4 10. Nd4 Nxd4 11. Bxd4 Bd7 12. Nb6 Rb8 13. cxd6 Bc6 14. Nc4 b5 15. Ne5 Bd5 16. a4 b4 17. Bb5+ Rxb5 18. axb5 Bxd6 19. Nc6 Bxc6 20. bxc6 O-O 21. Qe2 Qc7 22. Qb5 Rb8 23. Qxa5 Qxc6 24. Bxf6 gxf6 25. Qf5 b3 26. c3 Qc4 27. O-O-O Be5 28. Qg4+ Kf8 29. Qd7 Ra8 30. Kd2 Ra2 31. Rb1 Kg7 32. Ke1 Bxc3+ 33. Kd1 Be5 34. Qg4+ Kh8 35. Qe2 Qd5+ 36.
Ke1 Bc3+ 37. Kf1 Bxb2 38. g4 Be5 39. Qe1 f5 40. Kg2 fxg4 41. Qd1 Qe6 42. Qd8+ Kg7 43. Qg5+ Kf8 44. Qd8+ Qe8 45. Qxe8+ Kxe8 46. Rhc1 b2 47. Rc5 f6 48. Rc4 Ra1 49. Rxb2 Bxb2 50. Rxe4+ Be5 51.
Rxg4 Kf7 52. Rh4 Kg7 53. Rg4+ Kf7 54. Rh4 Kg8 55. Rg4+ Kh8 56. Rb4 Ra8 57. h4 Rg8+ 58. Kf3 Kg7 59. Rg4+ Kf7 60. Rb4 Rg1 61. Rb7+ Kg6 62.
Rb4 Rh1 63. Kg2 Rc1 64. Kf3 Bd6 65. Kg4 Bxb4 0-1

[Event "Late-Titled-Tuesday-Blitz-September-26-2023"]
[Site "Chess.com"]
[Date "2023.09.26"]
[Round "5"]
[White "Dewarfd"]
[Black "JoseRemolar"]
[Result "0-1"]
[WhiteElo "2213"]
[BlackElo "2393"]
[TimeControl "180+1"]
[EndTime "14:55:57 PDT"]
[Termination "JoseRemolar won by resignation"]

1. d4 Nf6 2. e3 g6 3. Nf3 Bg7 4.
Be2 O-O 5. b4 a5 6. b5 b6 7. Bb2 Bb7 8. a4 Ne4 9. O-O d5 10. c4 dxc4 11. Bxc4 c5 12. bxc6 Nxc6 13. Nbd2 Nb4 14. Ba3 Rc8 15. Qb3 Nxd2 16. Nxd2 e5 17.
Bxb4 axb4 18. Rad1 exd4 19. exd4 Qxd4 20. Bb5 Rc3 21. Qb1 Qg4 22. f3 Qf4 23. Ne4 Bxe4 24. Qxe4 Qxe4 25. fxe4 b3 26. Rb1 Rd8 27. Rf3 Rxf3 28.
gxf3 b2 29. Kf2 Rd2+ 30. Ke3 Rxh2 31. f4 h5 32. e5 h4 33. Kf3 Bf8 34. Bc4 Kg7 35.
Kg4 Bc5 36. Kf3 Rf2+ 37. Ke4 h3 38. Bd5 h2 39. Kd3 g5 40. fxg5 Kg6 41. Kc4 Kxg5 42.
Bxf7 Rxf7 43. e6 Rf2 44. Kb5 Re2 45. Rg1+ Kf4 46. Rb1 Rxe6 47. Rxb2 h1=Q 48. Rb3 Re4 49. Kc6 Re3+ 50. Kb5 Rxb3+ 51. Ka6 Rb4 52. a5 Ra4 53.
Kb5 Rxa5+ 54. Kc4 Qe4+ 55. Kb3 Ra3+ 56. Kb2 Qd4+ 57. Kc2 Qc4+ 58. Kd2 Ra2+ 59. Kd1 Qe2+ 0-1

[Event "Late-Titled-Tuesday-Blitz-September-26-2023"]
[Site "Chess.com"]
[Date "2023.09.26"]
[Round "5"]
[White "Rainbow2014"]
[Black "chosenpr"]
[Result "1-0"]
[WhiteElo "2447"]
[BlackElo "2302"]
[TimeControl "180+1"]
[EndTime "14:56:01 PDT"]
[Termination "Rainbow2014 won by resignation"]

1. e4 e5 2. Nf3 Nc6 3. Bb5 a6 4.
Ba4 Nf6 5. O-O Be7 6. Re1 b5 7. Bb3 d6 8. c3 O-O 9. h3 Bb7 10. d3 Re8 11. Nbd2 Bf8 12. Nf1 g6 13. Bg5 Bg7 14. Qd2 Na5 15. Bc2 c5 16. Bh6 Nc6 17. Bxg7 Kxg7 18. Ng3 h6 19. Nh4 Ne7 20. Bb3 Rc8 21.
Re3 Qd7 22. Rf3 Rh8 23. Qe2 Rcf8 24. a4 Bc6 25. axb5 axb5 26. Ra6 Ra8 27. Rxa8 Rxa8 28.
Rxf6 Kxf6 29. Qf3+ Nf5 30. Ngxf5 gxf5 31. Nxf5 Rg8 32.
Nxh6+ Kg7 33. Nxg8 Kxg8 34. Qf6 d5 35. exd5 Bxd5 36.
Qg5+ Kf8 37. Bc2 Qe7 38. Qxe7+ Kxe7 39. f3 f5 40. Kf2 Kf6 41. Ke3 f4+ 42. Kf2 Kg5 43.
g3 Be6 44. h4+ Kh5 45. Bd1 Kh6 46. Be2 c4 47. dxc4 bxc4 48. Bd1 Kh5 49. Bc2 Kh6 50. Be4 Kh5 51. Bc6 Kh6 52. Be8 Kg7 53. g4 Kh6 54. Ke2 Bd5 55. Bd7 Kh7 56. Bf5+ Kh6 57. Kd2 Kg7 58.
Ke2 Kf6 59. Bd7 Kg7 60. g5 Kg6 61. Bg4 Kg7 62. Kd2 Kh7 63. Kc2 Kg6 64. Kd2 Kg7 65. h5 Kh7 66. Bf5+ Kg7 67. h6+ Kh8 68. g6 Bxf3 69. g7+ Kg8 70. Be6+ Kh7 71. g8=Q+ Kxh6 72. Qh8+ Kg5 73. Qxe5+ Kh6 74. Qxf4+ Kg7 75. Qxf3 1-0